 Dungeon Crawl Stone Soup version 0.31-a0-744-gbc345e7fcb (webtiles) character file.

Game seed: 5004237490457855648

489 freelancePsychic the Magician (level 7, -8/47 HPs)
             Began as a Djinni Shapeshifter on Sept 13, 2023.
             Was an Initiate of Cheibriados.
             Mangled by Prince Ribbit (14 damage)
             ... on level 5 of the Dungeon.
             The game lasted 00:07:26 (3659 turns).

freelancePsychic the Magician (Djinni Shapeshifter) Turns: 3659, Time: 00:07:26

Health: -8/47      AC:  8    Str: 14    XL:     7   Next: 36%
Gold:   288        EV: 12    Int: 15    God:    Cheibriados [......] SH:  0 Dex: 13

rFire   + + .        f - +3 short sword (drain)
rCold   x . .        (no shield)
rNeg    + . .        b - +2 leather armour "Duge" {rN+ Will+}
rPois   ∞            m - +1 helmet
rElec   .            v - +0 cloak
rCorr   .            (no gloves)
SInv    .            (boots unavailable)
Will    +....        (no amulet)
Stlth   ++           (no ring)
HPRegen 0.27/turn    (no ring)
MPRegen 0.00/turn

%: infuse magic (-9 HP)
@: flying, very slightly contaminated, very slow
A: sickness immunity, fire resistance 2, cold vulnerability 1, float, innate
caster, HP casting, extra vitality 1
a: Renounce Religion


You were on level 5 of the Dungeon.
You worshipped Cheibriados.
Cheibriados was noncommittal.
You visited 2 branches of the dungeon, and saw 6 of its levels.

You collected 288 gold pieces.

Inventory:

Hand Weapons
 f - a +3 short sword of draining (weapon)
 s - a +0 rapier
Missiles
 e - 3 atropa-tipped darts
 r - 3 poisoned darts
Armour
 a - a +0 animal skin
 b - the +2 leather armour "Duge" (worn) {rN+ Will+}
   (You found it on level 2 of the Dungeon)

   rN+:       It protects you from negative energy.
   Will+:     It increases your willpower.
 m - a +1 helmet (worn)
 v - a +0 cloak (worn)
Jewellery
 h - a ring of fire
Talismans
 c - a beast talisman
 d - a flux talisman
Wands
 j - a wand of flame (7)
 w - a wand of charming (14)
Scrolls
 i - 2 scrolls of brand weapon
 n - 2 scrolls of vulnerability
 x - a scroll of teleportation {@r4}
Potions
 g - 2 potions of invisibility {unknown}
 k - 3 potions of brilliance
 l - 2 potions of might {unknown}
 o - a potion of heal wounds {unknown}
 p - a potion of mutation {unknown}
 q - a potion of enlightenment {unknown}
 t - 2 potions of curing {unknown}
 u - a potion of haste {unknown}


   Skills:
 + Level 1.0 Fighting
 * Level 2.7 Short Blades
 - Level 2.1 Dodging
 * Level 2.7 Stealth
 - Level 3.0 Unarmed Combat
 + Level 3.7 Spellcasting
 + Level 3.7 Conjurations
 + Level 3.7 Hexes
   Level 0.0 Charms
 + Level 3.7 Summonings
 + Level 3.7 Necromancy
 + Level 3.7 Translocations
 + Level 3.7 Transmutations
 + Level 3.7 Fire Magic
 + Level 3.7 Ice Magic
 + Level 3.7 Air Magic
 + Level 3.7 Earth Magic
 + Level 3.7 Poison Magic
 - Level 2.6 Shapeshifting


You knew the following spells:

 Your Spells              Type           Power      Damage    Failure   Level
a - Summon Small Mammal   Summ           56%        N/A       4%          1
b - Ensorcelled Hibernat  Hex/Ice        28%        N/A       8%          2
c - Blink                 Tloc           28%        N/A       8%          2
Your spell library was empty.

Dungeon Overview and Level Annotations

Branches:
Dungeon (5/15)             Temple (1/1) D:4

Altars:
Cheibriados
Dithmenos
Elyvilon
Fedhas
Gozag
Okawaru
Qazlal
Ru
Trog
Uskayaw
Wu Jian
Xom
Zin

Annotations:
D:5 Prince Ribbit


Innate Abilities, Weirdness & Mutations

You are immune to sickness and miasma.
You are immune to poison.
Your flesh is very heat resistant. (rF++)
You are vulnerable to cold. (rC-)
You float through the air rather than walking.
You learn spells naturally, not from books.
Your magical power is your life essence.
You have superior vitality. (+4 MHP)


Message History

You see here a +0 whip.
Found a stone staircase leading down.
Found an escape hatch in the floor.
Prince Ribbit comes into view.
Prince Ribbit gives a loud, deep croak!
Prince Ribbit says, "You're just another fly to me."
Prince Ribbit barely misses you.
A scorpion comes into view.
Prince Ribbit hits you!
Casting: Ensorcelled Hibernation (safe; 8% risk of failure)
Confirm with . or Enter, or press ? or * to list all spells.
Aiming: Ensorcelled Hibernation (safe; 8% risk of failure)
Press: ? - help, Shift-Dir - straight line, f - Prince Ribbit
Aim: Prince Ribbit (chance to affect: 30%) Prince Ribbit easily resists.
Prince Ribbit hits you but does no damage.
You barely miss Prince Ribbit. Prince Ribbit hits you!
Casting: Ensorcelled Hibernation (safe; 8% risk of failure)
Confirm with . or Enter, or press ? or * to list all spells.
Aiming: Ensorcelled Hibernation (safe; 8% risk of failure)
Press: ? - help, Shift-Dir - straight line, f/p - Prince Ribbit
Aim: Prince Ribbit (chance to affect: 30%)
You miscast Ensorcelled Hibernation.
You are very lightly contaminated with residual magic.
Nothing appears to happen.
Prince Ribbit hits you. x2
Casting: Ensorcelled Hibernation (safe; 8% risk of failure)
Confirm with . or Enter, or press ? or * to list all spells.
Aiming: Ensorcelled Hibernation (safe; 8% risk of failure)
Press: ? - help, Shift-Dir - straight line, f/p - Prince Ribbit
Aim: Prince Ribbit (chance to affect: 30%) Prince Ribbit easily resists.
Prince Ribbit barely misses you.
Casting: Ensorcelled Hibernation (safe; 8% risk of failure)
Confirm with . or Enter, or press ? or * to list all spells.
Aiming: Ensorcelled Hibernation (safe; 8% risk of failure)
Press: ? - help, Shift-Dir - straight line, f/p - Prince Ribbit
Aim: Prince Ribbit (chance to affect: 30%) Prince Ribbit easily resists.
Prince Ribbit hits you!
* * * LOW HITPOINT WARNING * * *
Prince Ribbit hits you!
You die...

##§§..§§§##......
##§..§.###>........
##...####.........
#...#............
#.##...#.......#
##)....##.##.....
#.....##......#
#[........>s.###..
#.......#....@F......
#....##.#.#..###.....
#.... ...##..# ...
#####....#..... .
##.###...... ##
#....#.. ##......
....#


You could see Prince Ribbit and a scorpion.

Vanquished Creatures
  An ogre (D:4)
  2 hounds
  An orc priest (D:4)
  Terence (D:2)
  4 orc wizards
  An adder (D:2)
  2 worms
  A dart slug (D:2)
  8 orcs
  6 endoplasms
  3 giant cockroaches
  8 hobgoblins
  2 quokkas (D:1)
  7 ball pythons
  4 bats
  3 frilled lizards
  6 goblins
  8 kobolds
  2 rats (D:1)
70 creatures vanquished.

Vanquished Creatures (collateral kills)
  An ogre (D:2)
  An adder (D:2)
  An ufetubus (D:3)
  A worm (D:3)
  A ball python (D:3)
  A hobgoblin (D:3)
  A frilled lizard (D:3)
  A rat (D:2)
8 creatures vanquished.

Grand Total: 78 creatures vanquished

Notes
Turn   | Place    | Note
-------+----------+-------------------------------------------
     0 | D:1      | freelancePsychic the Djinni Shapeshifter began the quest
                  | for the Orb.
     0 | D:1      | Reached XP level 1. HP: 17/17 MP: 0/0
   163 | D:1      | Reached skill level 1 in Spellcasting
   163 | D:1      | Reached skill level 1 in Conjurations
   163 | D:1      | Reached skill level 1 in Hexes
   163 | D:1      | Reached skill level 1 in Summonings
   163 | D:1      | Reached skill level 1 in Necromancy
   163 | D:1      | Reached skill level 1 in Translocations
   163 | D:1      | Reached skill level 1 in Transmutations
   163 | D:1      | Reached skill level 1 in Fire Magic
   163 | D:1      | Reached skill level 1 in Ice Magic
   163 | D:1      | Reached skill level 1 in Air Magic
   163 | D:1      | Reached skill level 1 in Earth Magic
   163 | D:1      | Reached skill level 1 in Poison Magic
   163 | D:1      | Reached XP level 2. HP: 20/22 MP: 0/0
   900 | D:2      | Reached XP level 3. HP: 27/27 MP: 0/0
   900 | D:2      | Learned a level 1 spell: Summon Small Mammal
   993 | D:2      | Noticed an ogre
  1096 | D:2      | Noticed Terence
  1198 | D:2      | Reached XP level 4. HP: 15/32 MP: 0/0
  1573 | D:3      | Found a faded altar of an unknown god.
  1950 | D:2      | Identified the +2 leather armour "Duge" {rN+ Will+}
  2105 | D:2      | Killed Terence
  2106 | D:2      | Reached XP level 5. HP: 37/37 MP: 0/0
  2106 | D:2      | Learned a level 2 spell: Ensorcelled Hibernation
  2288 | D:2      | Killed an ogre
  2289 | D:2      | Reached skill level 1 in Short Blades
  2289 | D:2      | Reached skill level 1 in Stealth
  2289 | D:2      | Reached XP level 6. HP: 6/42 MP: 0/0
  2655 | D:3      | Noticed an ogre
  2710 | D:4      | Found a staircase to the Ecumenical Temple.
  2736 | D:4      | Noticed an ogre
  2750 | D:4      | Killed an ogre
  2772 | Temple   | Entered the Ecumenical Temple
  2785 | Temple   | Became a worshipper of Cheibriados the Contemplative
  2914 | D:4      | Reached XP level 7. HP: 46/47 MP: 0/0
  2914 | D:4      | Learned a level 2 spell: Blink
  3073 | D:4      | Found a stormy altar of Qazlal.
  3088 | D:4      | Found a blossoming altar of Fedhas.
  3148 | D:4      | Found an opulent altar of Gozag.
  3597 | D:5      | Entered Level 5 of the Dungeon
  3598 | D:5      | Noticed a water moccasin
  3630 | D:5      | Found a shadowy altar of Dithmenos.
  3652 | D:5      | Noticed Prince Ribbit
  3659 | D:5      | Mangled by Prince Ribbit

Illustrated notes

Levels and vault maps discovered:
D:1:      tekkud_arrival_beachfront_property, layout_basic
D:2:      minmay_razor_zed, layout_rooms, uniq_terence
D:3:      layout_basic, shapermc_ecumenical_altar_venn, st_stairs_3,
          dreamdust_princess_corridor
D:4:      layout_cave_pools, vehumet_altar_wand_db, lemuel_tele_altar,
          fedhas_altar_3, lemuel_round_altar, temple_doors_cd,
          serial_bayou_lake_a
D:5:      layout_cave_pools, nicolae_dithmenos_the_darkroom, old_standard_altar,
          gup_sewer_entry_pipe, uniq_prince_ribbit1, uniq_blork_the_orc
Temple:   minmay_freezing_vapour_temple

Skill      XL: |  1  2  3  4  5  6 |
---------------+-------------------+-----
Spellcasting   | 1 2 3 |  3.7
Conjurations   | 1 2 3 |  3.7
Hexes          | 1 2 3 |  3.7
Summonings     | 1 2 3 |  3.7
Necromancy     | 1 2 3 |  3.7
Translocations | 1 2 3 |  3.7
Transmutations | 1 2 3 |  3.7
Fire Magic     | 1 2 3 |  3.7
Ice Magic      | 1 2 3 |  3.7
Air Magic      | 1 2 3 |  3.7
Earth Magic    | 1 2 3 |  3.7
Poison Magic   | 1 2 3 |  3.7
Short Blades   | 1 2 |  2.7
Stealth        | 1 2 |  2.7
Fighting       | |  1.0
Dodging        | |  2.1
Unarmed Combat | |  3.0
Shapeshifting  | |  2.6

Action                     |  1- 3 |  4- 6 |  7- 9 || total
---------------------------+-------+-------+-------++-------
  Melee: Unarmed           |    65 |    22 |       ||    87
         Punch             |     1 |     2 |       ||     3
         Rapier            |       |    45 |       ||    45
         Short sword       |       |    67 |    42 ||   109
   Cast: Summon Small Mamm |    13 |    20 |       ||    33
         Ensorcelled Hiber |       |     8 |     6 ||    14
Ability: Begin Untransform |     1 |       |       ||     1
    Use: Scroll            |     6 |     3 |     3 ||    12
         Potion            |       |     2 |       ||     2
   Stab: Sleeping          |       |     2 |     2 ||     4
         Distracted        |       |     1 |     1 ||     2
 Armour: Animal skin       |    35 |    49 |       ||    84
         Skin              |       |     8 |       ||     8
         Leather armour    |       |    35 |    26 ||    61
  Dodge: Dodged            |    49 |    69 |    21 ||   139

Table legend: (Time is in decaauts)
 A = Elapsed time spent in this place.
 B = Non-inter-level travel time spent in this place.
 C = Inter-level travel time spent in this place.
 D = Time resting spent in this place.
 E = Time spent auto-exploring this place.
 F = Levels seen in this place.
 G = Mean time per level.
                   A        B        C        D        E       F      G
               +--------+--------+--------+--------+--------+-----+--------+
         Total |   3854 |   3593 |    261 |     37 |   2642 |   6 |  642.3 |
       Dungeon |   3834 |   3579 |    255 |     34 |   2642 |   5 |  766.8 |
        Temple |     19 |     14 |      5 |      3 |      0 |   1 |   19.0 |
               +--------+--------+--------+--------+--------+-----+--------+

Top non-repeatable levels by time:
     D:2: 1160 daAuts
     D:3: 930 daAuts
     D:1: 868 daAuts
     D:4: 827 daAuts
     D:5: 47 daAuts
  Temple: 19 daAuts
